 Dungeon Crawl Stone Soup version 0.28.0-53-g5a82cb258f (webtiles) character file.

Game seed: 13491396738992149223

91 ChickenMitten the Conjurer (level 4, 0/41 HPs)
             Began as an Ogre Conjurer on Aug 6, 2022.
             Slain by an orc priest
             ... wielding a +1 vampiric whip
              (6 damage)
             ... on level 2 of the Dungeon.
             The game lasted 00:04:42 (2625 turns).

ChickenMitten the Conjurer (Ogre Conjurer)          Turns: 2625, Time: 00:04:43

Health: 0/41       AC:  3    Str: 11    XL:     4   Next: 57%
Magic:  0/8        EV:  9    Int: 21    God:
Gold:   48         SH:  0    Dex:  7    Spells: 8/9 levels left

rFire   . . .      SeeInvis .   (no weapon)
rCold   . . .      Faith    .   (no shield)
rNeg    . . .      Spirit   .   a - +0 robe
rPois   .          Reflect  .   (helmet restricted)
rElec   .          Harm     .   (no cloak)
rCorr   .          Rampage  .   (gloves unavailable)
Will    .....                   (boots unavailable)
Stlth   +.........              (no amulet)
HPRegen 0.13/turn               (no ring)
MPRegen 0.11/turn               (no ring)

@: no status effects
A: large, unfitting armour, tough skin 1
a: no special abilities


You were on level 2 of the Dungeon.
You visited 1 branch of the dungeon, and saw 3 of its levels.

You collected 48 gold pieces.

Inventory:

Armour
 a - a +0 robe (worn)
 f - a +0 buckler
Scrolls
 b - a scroll of fear {unknown}
 c - 6 scrolls of identify {unknown}
 d - a scroll of noise {unknown}
 g - a scroll of enchant armour {unknown}
 i - 3 scrolls of enchant weapon {unknown}
 k - a scroll of silence {unknown}
Potions
 e - a potion of ambrosia {unknown}
 h - a potion of might {unknown}
 j - a potion of heal wounds {unknown}


   Skills:
 * Level 1.4 Fighting
 - Level 1.7 Dodging
 - Level 1.4 Stealth
 * Level 3.2 Spellcasting
 * Level 4.8 Conjurations


You had 8 spell levels left.
You knew the following spells:

 Your Spells              Type           Power      Damage    Failure   Level
a - Magic Dart            Conj           92%        1d7       1%          1

Your spell library contained the following spells:

 Spells                   Type           Power      Damage    Failure   Level
 Searing Ray              Conj           46%        2d6       2%          2
 Freeze                   Ice            12%        1d4       13%         1
 Sandblast                Erth           6%         2d5       13%         1
 Dazzling Flash           Conj/Hex       26%        N/A       14%         3
 Stone Arrow              Conj/Erth      26%        3d8       14%         3
 Passwall                 Tmut/Erth      2%         N/A       21%         2
 Fulminant Prism          Conj/Hex       6%         3d7       43%         4
 Iskenderun's Mystic Bla  Conj/Tloc      13%        2d5       43%         4


Dungeon Overview and Level Annotations

Branches:
Dungeon (3/15)

Altars:

Shops:
D:2 ?:*


Innate Abilities, Weirdness & Mutations

You are too large for most types of armour.
You have tough skin. (AC +1)


Message History

The orc priest is almost dead.
The orc priest hits you with a +1 vampiric whip.
* * * LOW HITPOINT WARNING * * *
The orc priest draws strength from your wounds!
Casting: Magic Dart (safe; 1% risk of failure)
Confirm with . or Enter, or press ? or * to list all spells.
Aiming: Magic Dart (safe; 1% risk of failure)
Press: ? - help, Shift-Dir - straight line, f/p - orc priest
Aim: an orc priest, wielding a +1 vampiric whip and wearing a +0 leather armour (severely wounded, 100% to hit)
The magic dart hits the orc priest but does no damage.
The orc priest is severely wounded.
The orc priest hits you but does no damage.
Casting: Magic Dart (safe; 1% risk of failure)
Confirm with . or Enter, or press ? or * to list all spells.
Aiming: Magic Dart (safe; 1% risk of failure)
Press: ? - help, Shift-Dir - straight line, f/p - orc priest
Aim: an orc priest, wielding a +1 vampiric whip and wearing a +0 leather armour (severely wounded, 100% to hit)
The magic dart hits the orc priest.
The orc priest is severely wounded.
The orc priest hits you with a +1 vampiric whip.
* * * LOW HITPOINT WARNING * * *
The orc priest draws strength from your wounds!
Casting: Magic Dart (safe; 1% risk of failure)
Confirm with . or Enter, or press ? or * to list all spells.
You don't have enough magic to cast this spell.
Unknown command.
Casting: Magic Dart (safe; 1% risk of failure)
Confirm with . or Enter, or press ? or * to list all spells.
You don't have enough magic to cast this spell.
Unknown command.
You hit the orc priest but do no damage.
The orc priest is heavily wounded.
The orc priest barely misses you.
You hit the orc priest but do no damage.
The orc priest is heavily wounded.
The orc priest closely misses you.
You hit the orc priest.
The orc priest is severely wounded.
The orc priest hits you with a +1 vampiric whip.
You die...

### ############.#
.............#
############.#
####.#######)#
...#.......#.#
.....#.......#
.#...#.###.#######
...............o@#
.....#.....#.#####
.#..##..#..#.#
#######
........#..#.#
#.....#
.......##..#.#
#.....#
........#..#.#
#.....#
.......##..#.#
#.....#
...≈≈..##..#.#
#.....#
..≈..≈.##....#
#.....#


You could see an orc priest.

Vanquished Creatures
  An orc wizard (D:3)
  2 adders (D:2)
  A dart slug (D:2)
  An orc (D:3)
  5 endoplasms
  A giant cockroach (D:1)
  3 hobgoblins (D:1)
  A jackal (D:2)
  5 kobolds
  4 quokkas
  4 ball pythons
  6 bats
  2 frilled lizards (D:2)
  4 goblins (D:2)
  4 rats
44 creatures vanquished.

Notes
Turn   | Place    | Note
-------+----------+-------------------------------------------
     0 | D:1      | ChickenMitten the Ogre Conjurer began the quest for the
                  | Orb.
     0 | D:1      | Reached XP level 1. HP: 16/16 MP: 3/3
   175 | D:1      | Reached XP level 2. HP: 26/26 MP: 0/5
   242 | D:1      | Reached skill level 4 in Conjurations
  1004 | D:1      | Reached XP level 3. HP: 32/32 MP: 5/7
  1182 | D:2      | Reached skill level 1 in Fighting
  1291 | D:2      | Found Saobacre's General Store.
  1599 | D:2      | Reached XP level 4. HP: 41/41 MP: 4/8
  1759 | D:2      | Found Zaserum's Book Shop.
  1799 | D:2      | Found a faded altar of an unknown god.
  1809 | D:2      | Got Plato's Grimoire of the Frostbite
  1978 | D:2      | Found Cifyong's Magic Scroll Boutique.
  2625 | D:2      | Slain by an orc priest

Illustrated notes

Levels and vault maps discovered:
D:1:      minmay_arrival_three_doors, layout_loops_ring
D:2:      cheibrodos_helix_gallery, layout_basic, serial_shops, shop_statue,
          shop, shop, shapermc_ecumenical_altar_rom_forum, minmay_pentomino_z4
D:3:      layout_rooms, mainiacjoe_overflow_brackets

Skill      XL: |  1  2  3 |
---------------+----------+-----
Conjurations   | 4 |  4.8
Fighting       | 1 |  1.4
Spellcasting   | 3 |  3.2
Dodging        | |  1.7
Stealth        | |  1.4

Action                   |  1- 3 |  4- 6 || total
-------------------------+-------+-------++-------
Melee: Unarmed           |    30 |     3 ||    33
 Cast: Magic Dart        |    73 |    31 ||   104
Armor: Robe              |    10 |     4 ||    14
Dodge: Dodged            |    27 |     7 ||    34
